 Dungeon Crawl Stone Soup version 0.24.0-123-gd5b16e6ec5 (webtiles) character file.

Game seed: 16657880498742101171, levelgen mode: deterministic

109 glosham the Chopper (level 4, -4/35 HPs)
             Began as a Mummy Abyssal Knight on Jan 13, 2020.
             Was a Follower of Lugonu.
             Slain by Crazy Yiuf
             ... wielding a +2 quarterstaff of chaos
              (5 damage)
             ... on level 2 of the Dungeon.
             The game lasted 00:16:58 (1189 turns).

glosham the Chopper (Mummy Abyssal Knight)          Turns: 1189, Time: 00:16:59

Health: -4/35      AC: 10    Str: 16    XL:     4   Next: 59%
Magic:  5/5        EV:  6    Int: 11    God:    Lugonu [*.....]
Gold:   101        SH:  0    Dex: 11    Spells: 3/3 levels left

rFire    x . .     SeeInvis .   a - +2 hand axe
rCold    + . .     Gourm    .   (no shield)
rNeg     + + +     Faith    .   X - +0 chain mail
rPois    ∞         Spirit   .   (no helmet)
rElec    .         Reflect  .   (no cloak)
rCorr    .         Harm     .   (no gloves)
MR       .....                  W - +1 pair of boots
Stlth    ..........             (no amulet)
HPRegen  0.11/turn              (no ring)
MPRegen  0.09/turn              (no ring)

@: no status effects
A: no food or potions, fire vulnerability, cold resistance 1, negative energy
resistance 3, torment resistance, unbreathing
a: Depart the Abyss, Renounce Religion


You were on level 2 of the Dungeon.
You worshipped Lugonu.
Lugonu was aware of your devotion.
You were not hungry.

You visited 1 branch of the dungeon, and saw 2 of its levels.
You visited the Abyss 1 time.

You collected 101 gold pieces.

Inventory:

Hand Weapons
 a - a +2 hand axe (weapon)
 b - a +0 spear
 c - a +0 hunting sling
Missiles
 d - 14 stones (quivered)
 f - 7 javelins
 h - 20 arrows
Armour
 W - a +1 pair of boots (worn)
 X - a +0 chain mail (worn)
Scrolls
 e - a scroll of identify {unknown}
 g - a scroll of immolation


   Skills:
 - Level 3.0 Fighting
 * Level 4.0 Axes
 - Level 1.5 Armour
 - Level 0.7 Dodging
 - Level 1.5 Invocations


You had 3 spell levels left.
You didn't know any spells.
Your spell library was empty.

Dungeon Overview and Level Annotations

Branches:
Dungeon (2/15)

Altars:

Annotations:
D:2 Crazy Yiuf


Innate Abilities, Weirdness & Mutations

You do not eat or drink.
Your flesh is vulnerable to fire.
You are immune to poison.
Your flesh is cold resistant. (rC+)
You are immune to negative energy. (rN+++)
You are immune to unholy pain and torment.
You can survive without breathing.


Message History

You miss the bat. The bat hits you but does no damage.
You hit the bat.
You kill the bat!
Lugonu accepts your kill.
You see here a bat corpse.
Found a mace.
You see here a mace.
Found a mace.
Found a runed translucent door.
You open the door. You hit Crazy Yiuf.
Crazy Yiuf is moderately wounded.
Crazy Yiuf hits you but does no damage.
You barely miss Crazy Yiuf.
Crazy Yiuf is moderately wounded.
Crazy Yiuf hits you with a +2 quarterstaff of chaos.
You suddenly lose the ability to move!
Crazy Yiuf hits you with a +2 quarterstaff of chaos!
You shrug off the repeated paralysis!
Crazy Yiuf whimpers, "Ten!
Goober hand noodlescoop."
Crazy Yiuf hits you but does no damage.
You can move again.
Unknown command.
You barely miss Crazy Yiuf.
Crazy Yiuf is moderately wounded.
Crazy Yiuf hits you with a +2 quarterstaff of chaos.
You are electrocuted!
* * * LOW HITPOINT WARNING * * *
You see here a mace.
Crazy Yiuf says, "Announcement!
Prologue cower pontify."
Crazy Yiuf laughs, "Trifle!
Island dark pontify."
Crazy Yiuf laughs, "Castle mobile leg!"
Crazy Yiuf laughs, "Paint!"
Crazy Yiuf laughs, "Hah sing ena!"
Crazy Yiuf yells, "Seed!"
Crazy Yiuf yells, "Gnoll!
Key hand broken."
Crazy Yiuf grits, "Flower song high!"
Crazy Yiuf hits you with a +2 quarterstaff of chaos.
* * * LOW HITPOINT WARNING * * *
You convulse.
You die...

###.##..###..#..# #
#...........#..###
###.##..###.##.....
#...##..# #.##..###
###.##..# #.##..#
#####.##..# #.##..###
#.........# #.##.....
.########.##.####.#######
........@.........#
######g#.......###
#.####.#### #.# #.# #.#
#.# #.# #.# #.# #.######
#.# #......# #.# #......#


You could see Crazy Yiuf.

Vanquished Creatures
  A scorpion (D:2)
  An adder (D:2)
  An ooze (D:1)
  2 dart slugs (D:1)
  A ball python (D:1)
  3 bats
  5 giant cockroaches
  4 goblins
  4 hobgoblins (D:1)
  4 jackals (D:2)
  A frilled lizard (D:1)
  5 kobolds (D:1)
  7 rats
39 creatures vanquished.

Notes
Turn   | Place    | Note
-------+----------+-------------------------------------------
     0 | Abyss:1  | glosham the Mummy Abyssal Knight began the quest for the
                  | Orb.
     0 | Abyss:1  | Reached XP level 1. HP: 18/18 MP: 2/2
    34 | Abyss:1  | Noticed an ancient zyme
    40 | D:1      | Escaped the Abyss
    58 | D:1      | Noticed a spriggan
    59 | D:1      | Noticed a human
    61 | D:1      | Noticed an ogre
    61 | D:1      | Noticed a merfolk
    63 | D:1      | Noticed a gargoyle
    63 | D:1      | Noticed a demigod
    67 | D:1      | Noticed a vine stalker
    67 | D:1      | Noticed a troll
    69 | D:1      | Noticed a demonspawn
    69 | D:1      | Noticed a formicid
    71 | D:1      | Noticed a halfling
    71 | D:1      | Noticed a centaur
    73 | D:1      | Noticed a naga
    75 | D:1      | Noticed a tengu
    75 | D:1      | Noticed a minotaur
    77 | D:1      | Noticed a vampire
    77 | D:1      | Noticed an elf
    79 | D:1      | Noticed a ghoul
    79 | D:1      | Noticed a dwarf
    81 | D:1      | Noticed a felid
    83 | D:1      | Noticed a draconian
    83 | D:1      | Noticed an octopode
   138 | D:1      | Reached skill level 2 in Axes
   183 | D:1      | Reached XP level 2. HP: 24/24 MP: 3/3
   216 | D:1      | Reached * piety under Lugonu
   398 | D:1      | Reached XP level 3. HP: 27/29 MP: 4/4
   591 | D:1      | Reached skill level 3 in Axes
   884 | D:2      | Noticed a scorpion
   911 | D:2      | Killed a scorpion
   911 | D:2      | Reached XP level 4. HP: 20/35 MP: 5/5
   934 | D:2      | Reached skill level 4 in Axes
  1139 | D:2      | Found a runed translucent door.
  1140 | D:2      | Noticed Crazy Yiuf
  1145 | D:2      | Paralysed by Crazy Yiuf for 3 turns
  1148 | D:2      | HP: 2/35 [Crazy Yiuf/+2 quarterstaff of chaos (15)]
  1189 | D:2      | HP: 1/35 [Crazy Yiuf/+2 quarterstaff of chaos (6)]
  1189 | D:2      | Slain by Crazy Yiuf

Levels and vault maps discovered:
D:1:      kb_arrival_jail, layout_basic, serial_curves, eino_curves_01,
          eino_curves_04
D:2:      wander_river, layout_basic, first_ration, uniq_crazy_yiuf_cottage,
          uniq_jessica

Skill      XL: |  1  2  3  4 |
---------------+-------------+-----
Axes           | 2 3 4 |  4.0
Fighting       | |  3.0
Armour         | |  1.5
Dodging        | |  0.7
Invocations    | |  1.5

Action                   |  1- 3 |  4- 6 || total
-------------------------+-------+-------++-------
Melee: Hand axe          |   115 |    36 ||   151
Invok: Depart the Abyss  |     1 |       ||     1
  Use: Scroll            |     7 |       ||     7
Armor: Chain mail        |    63 |    24 ||    87
Dodge: Dodged            |    39 |    15 ||    54

Table legend:
 A = Turns spent in this place as a percentage of turns spent in the entire game.
 B = Non-inter-level travel turns spent in this place as a percentage of non-inter-level travel turns spent in the entire game.
 C = Inter-level travel turns spent in this place as a percentage of turns spent in this place.
 D = Turns resting spent in this place as a percentage of non-inter-level travel turns spent in this place.
 E = Turns spent auto-exploring this place as a percentage of non-inter-level travel turns spent in this place.
 F = Non-inter-level travel turns spent in this place divided by the number of levels of this place that you've seen.
                   A       B       C       D       E      F
               +-------+-------+-------+-------+-------+----------------------
         Total | 100.0 | 100.0 |  18.4 |   0.3 |   0.0 | 323.3
       Dungeon |  96.6 |  95.9 |  19.1 |   0.3 |   0.0 | 465.0
         Abyss |   3.4 |   4.1 |   0.0 |   0.0 |   0.0 |  40.0
               +-------+-------+-------+-------+-------+----------------------

Table legend:
 A = Kills in this place as a percentage of kills in entire the game.
 B = Kills by you in this place as a percentage of kills by you in the entire game.
 C = Kills by friends in this place as a percentage of kills by friends in the entire game.
 D = Other kills in this place as a percentage of other kills in the entire game.
 E = Experience gained in this place as a percentage of experience gained in the entire game.
 F = Experience gained in this place divided by the number of levels of this place that you have seen.
                   A       B       C       D       E      F
               +-------+-------+-------+-------+-------+----------------------
         Total | 100.0 | 100.0 |   N/A |   N/A | 100.0 |  52.0
       Dungeon | 100.0 | 100.0 |   N/A |   N/A | 100.0 |  78.0
               +-------+-------+-------+-------+-------+----------------------

Levels and vault maps discovered:
D:1:      kb_arrival_jail, layout_basic, serial_curves, eino_curves_01,
          eino_curves_04
D:2:      wander_river, layout_basic, first_ration, uniq_crazy_yiuf_cottage,
          uniq_jessica
